 Dungeon Crawl Stone Soup version 0.31.0-10-gcf4a605ca0 (webtiles) character file.

Game seed: 4780636079557992207

143 mainiacjoe the Slasher (level 5, -5/29 HPs)
             Began as a Deep Elf Gladiator on Jan 25, 2024.
             Was a Believer of Ru.
             Slain by Blork the orc
             ... wielding a +0 war axe
              (8 damage)
             ... on level 4 of the Dungeon.
             The game lasted 00:07:51 (2525 turns).

mainiacjoe the Slasher (Deep Elf Gladiator)         Turns: 2525, Time: 00:07:52

Health: -5/29      AC:  7    Str: 11    XL:     5   Next: 4%
Magic:  0/7        EV: 13    Int: 13    God:    Ru [**....]
Gold:   276        SH:  0    Dex: 18    Spells: 4/4 levels left

rFire   . . .        a - +0 long sword
rCold   . . .        (no shield)
rNeg    . . .        g - +0 leather armour
rPois   .            c - +0 helmet
rElec   .            r - +1 cloak
rCorr   .            f - +0 pair of gloves
SInv    .            (no boots)
Will    .....        h - amulet of guardian spirit
Stlth   +            (no ring)
HPRegen 0.24/turn    (no ring)
MPRegen 0.10/turn

%: guardian spirit
@: mighty
A: inability to use devices
a: Renounce Religion


You were on level 4 of the Dungeon.
You worshipped Ru.
Ru was pleased with you.
You visited 1 branch of the dungeon, and saw 4 of its levels.

You collected 276 gold pieces.

Inventory:

Hand Weapons
 a - a +0 long sword (weapon)
 b - a +0 sling
 o - a +2 dagger of draining
Missiles
 d - 3 throwing nets {=F}
 i - 37 stones (quivered)
 p - 10 poisoned darts
Armour
 c - a +0 helmet (worn)
 f - a +0 pair of gloves (worn)
 g - a +0 leather armour (worn)
 r - a +1 cloak (worn)
Jewellery
 h - an amulet of guardian spirit (around neck)
Scrolls
 e - a scroll of enchant armour {unknown}
 s - a scroll of identify
 t - 2 scrolls of teleportation
 u - a scroll of enchant weapon {unknown}
Potions
 j - 2 potions of brilliance
 k - 2 potions of heal wounds
 l - 2 potions of mutation
 n - a potion of berserk rage {unknown}
 q - a potion of degeneration {unknown}
 v - a potion of cancellation {unknown}


   Skills:
 - Level 1.5 Fighting
 + Level 4.2 Long Blades
 + Level 4.1 Ranged Weapons
 - Level 2.0 Throwing
 - Level 3.6 Dodging


You had 4 spell levels left.
You didn't know any spells.
Your spell library contained the following spells:

 Spells                   Type           Power      Damage    Failure   Level
 Hailstorm                Conj/Ice       0%         3d5       77%         3
 Summon Ice Beast         Ice/Summ       0%         N/A       77%         3
 Sculpt Simulacrum        Ice/Alch       0%         N/A       100%        6


Dungeon Overview and Level Annotations

Branches:
Dungeon (4/15)             Temple (0/1) D:4

Altars:
Hepliaklqana
Nemelex Xobeh
Ru
Wu Jian

Shops:
D:3 [

Annotations:
D:4 3 runed translucent doors, Blork the orc; jestert79's ghost, amateur DsWn; mainiacjoe's ghost, novice DERe; pigah's ghost, weakling OpSh; turdburglar's ghost, amateur DrSh


Innate Abilities, Weirdness & Mutations

You cannot study or use magical devices.


Message History

You see here a flux talisman.
Found a falchion and a great sword.
Turdburglar's ghost turns its malevolent gaze towards you.
Pigah's ghost turns its malevolent gaze towards you.
Mainiacjoe's ghost ripples.
You now have 263 gold pieces (gained 3).
Press: ? - help, v - describe, . - travel
Here: mainiacjoe's ghost (fire blocked by a translucent stone wall)
The floor.
Unknown command.
Jestert79's ghost stares at you.
You now have 276 gold pieces (gained 13).
u - a scroll labelled FUEZAO SYTWIM
t - 2 scrolls of teleportation (gained 1)
v - a bubbling cyan potion
Found a sparkling altar of Nemelex Xobeh.
Found an escape hatch in the ceiling.
Blork the orc comes into view.
He is wielding a +0 war axe and wearing a +0 robe of willpower.
Blork the orc casts a spell at you. The puff of frost hits you!
You cannot evoke magical items.
Unknown command.
Okay, then.
As you read the scroll of identify, it crumbles to dust.
m - a potion of might You feel very mighty all of a sudden.
a - a +0 long sword (weapon)
Blork the orc hits you with a +0 war axe.
You closely miss Blork the orc.
Blork the orc hits you with a +0 war axe!
You closely miss Blork the orc.
Blork the orc hits you with a +0 war axe!
* * * LOW HITPOINT WARNING * * *
You completely miss Blork the orc. Blork the orc barely misses you.
You slash Blork the orc!
Blork the orc is moderately wounded.
You redirect Blork the orc's attack!
Blork the orc hits himself with a +0 war axe!
Blork the orc hits you with a +0 war axe!
You die...

..⌠.⌠...<.##
#8...W#..
.8.8.8.....#
##!)8.#..
.......#.#.#
######.#
######.....#
#.....## #...##.#
###..#### #.#.# ...
####....# #...#
.#.# ######....##.#
#..##
...###......##.##.#
...
##.@#######..._.
#.. ....<..o##
####.## ..#
###...... #..#
##.####o ##... #.
.. # . # .. ###


You could see Blork the orc.

Vanquished Creatures
  A jelly (D:4)
  3 adders
  A ribbon worm (D:3)
  5 dart slugs
  3 orcs
  7 ball pythons
  5 bats
  3 endoplasms
  4 giant cockroaches
  9 hobgoblins
  7 jackals
  5 quokkas
  5 frilled lizards
  7 kobolds
65 creatures vanquished.

Notes
Turn   | Place    | Note
-------+----------+-------------------------------------------
     0 | D:1      | mainiacjoe the Deep Elf Gladiator began the quest for the
                  | Orb.
     0 | D:1      | Reached XP level 1. HP: 12/12 MP: 3/3
   162 | D:1      | Reached XP level 2. HP: 16/16 MP: 4/4
   166 | D:1      | Reached skill level 1 in Ranged Weapons
   701 | D:1      | Reached XP level 3. HP: 20/20 MP: 5/5
  1454 | D:2      | Found a faded altar of an unknown god.
  1457 | D:2      | Prayed at the altar of an unknown god.
  1457 | D:2      | Became a worshipper of Ru the Awakened
  1465 | D:2      | Gained mutation: You cannot study or use magical devices.
                  | [Ru sacrifice]
  1465 | D:2      | Reached * piety under Ru
  1465 | D:2      | Reached ** piety under Ru
  1664 | D:3      | Found an ornate altar of the Wu Jian Council.
  1778 | D:3      | Reached XP level 4. HP: 23/25 MP: 4/6
  1815 | D:3      | Found Zoqe Sau's Antique Armour Emporium.
  2116 | D:4      | Found a staircase to the Ecumenical Temple.
  2298 | D:4      | Reached XP level 5. HP: 17/29 MP: 5/7
  2380 | D:4      | Found a hazy altar of Hepliaklqana.
  2406 | D:4      | Found a runed translucent gate.
  2406 | D:4      | Found a runed translucent gate.
  2406 | D:4      | Found a runed translucent gate.
  2407 | D:4      | Noticed pigah's ghost (weakling OpSh)
  2479 | D:4      | Noticed jestert79's ghost (amateur DsWn)
  2479 | D:4      | Noticed turdburglar's ghost (amateur DrSh)
  2479 | D:4      | Noticed mainiacjoe's ghost (novice DERe)
  2500 | D:4      | Found a sparkling altar of Nemelex Xobeh.
  2517 | D:4      | Noticed Blork the orc
  2525 | D:4      | Slain by Blork the orc

Illustrated notes

Levels and vault maps discovered:
D:1:      minmay_arrival_five_plusses, layout_basic, serial_rivers,
          chequers_serial_rivers_small_a, chequers_serial_rivers_room_a,
          chequers_serial_rivers_micro_c, chequers_serial_rivers_room_b,
          chequers_serial_rivers_micro_d, chequers_serial_rivers_small_a
D:2:      layout_basic, shapermc_ecumenical_altar_mp_vishouse,
          minmay_misc_feat_encased, palyth_stone_intersect,
          minmay_misc_feat_secret_circle, kennysheep_generic_room_13
D:3:      layout_basic, nzn_wu_jian_council_hall, serial_shops,
          nicolae_shop_rolling_square
D:4:      layout_rooms, lemuel_crystal_altar, kennysheep_mini,
          minmay_temple_entry_statues_fountains, gammafunk_ghost_cemetery,
          uniq_blork_the_orc

Skill      XL: |  1  2  3  4 |
---------------+-------------+-----
Long Blades    | 3 4 |  4.2
Ranged Weapons | 2 3 4 |  4.1
Fighting       | |  1.5
Throwing       | |  2.0
Dodging        | |  3.6

Action                     |  1- 3 |  4- 6 || total
---------------------------+-------+-------++-------
  Melee: Long sword        |    30 |    19 ||    49
         Punch             |     1 |       ||     1
   Fire: Sling             |    99 |    83 ||   182
  Throw: Javelin           |     1 |       ||     1
         Stone             |     5 |     4 ||     9
 Invoke: Sacrifice Artific |     1 |       ||     1
    Use: Scroll            |     6 |     1 ||     7
         Potion            |       |     1 ||     1
 Armour: Leather armour    |    46 |    50 ||    96
  Dodge: Dodged            |    55 |    56 ||   111
